 Dungeon Crawl Stone Soup version 0.23-a0-844-gdc03e01 (console) character file.

170 bli the Slasher (level 5, -1/42 HPs)
             Began as a Merfolk Monk on Jan 26, 2019.
             Slain by an orc priest
             ... wielding a +0 trident
              (2 damage)
             ... on level 3 of the Dungeon.
             The game lasted 00:07:16 (2227 turns).

bli the Slasher (Merfolk Monk)                      Turns: 2227, Time: 00:07:17

Health: -1/42      AC:  5    Str: 12    XL:     5   Next: 50%
Magic:  5/5        EV: 14    Int:  9    God:
Gold:   85         SH:  0    Dex: 17    Spells: 4/4 levels left

rFire    + . .     SeeInvis .   a - +0 falchion
rCold    + . .     Gourm    .   (no shield)
rNeg     . . .     Faith    .   b - +0 robe
rPois    +         Spirit   .   (no helmet)
rElec    +         Reflect  .   (no cloak)
rCorr    +         Harm     .   (no gloves)
MR       .....                  (no boots)
Stlth    ++........             (no amulet)
HPRegen  0.14/turn              g - +3 ring of protection
MPRegen  0.09/turn              l - ring of flight

@: resistant, flying
A: change form in water, swift swim, stealthy swim
a: no special abilities


You were on level 3 of the Dungeon.
You were not hungry.

You visited 1 branch of the dungeon, and saw 3 of its levels.

You collected 85 gold pieces.

Inventory:

Hand Weapons
 a - a +0 falchion (weapon)
Missiles
 f - 35 stones (quivered)
Armour
 b - a +0 robe (worn)
 i - a cursed +0 ring mail
 o - a cursed +0 leather armour
Jewellery
 g - a +3 ring of protection (left hand)
 l - a ring of flight (right hand)
Scrolls
 d - a scroll of enchant weapon {unknown}
 h - a scroll of random uselessness {unknown}
 j - a scroll of amnesia {unknown}
 k - a scroll of enchant armour {unknown}
 m - a scroll of fog {unknown}
 p - 2 scrolls of remove curse {unknown}
 s - 2 scrolls of identify {unknown}
Potions
 q - a potion of brilliance {unknown}
Comestibles
 c - 5 rations
 t - 3 chunks of flesh


   Skills:
 + Level 3.7 Fighting
 * Level 6.3 Long Blades
 + Level 4.0 Dodging
 - Level 2.1 Stealth


You had 4 spell levels left.
You didn't know any spells.
Your spell library was empty.

Dungeon Overview and Level Annotations

Branches:
Dungeon (3/15)

Altars:


Message History

The orc priest hits you with a +0 trident!
* * * LOW HITPOINT WARNING * * *
You hit the orc priest.
The orc priest is heavily wounded.
The orc priest hits you with a +0 trident.
* * * LOW HITPOINT WARNING * * *
It was a potion of resistance.
You feel protected. The orc priest barely misses you.
You riposte.
You hit the orc priest but do no damage.
The orc priest is heavily wounded.
You hit the orc priest.
The orc priest is severely wounded.
The orc priest hits you with a +0 trident.
* * * LOW HITPOINT WARNING * * *
It was a potion of flight.
You feel very buoyant.
You fly up into the air.
The orc priest hits you with a +0 trident.
You die...

.# .# .######## #####
......... .... .######## #..#
.# #.. #..# .# #.###########
#..# ##### .####...........#
#..##...... .#..............#
#..[....o((
.............#######..#.......
##.######.......@o.#..#..o..oo
#.# #.##.#####.#..#....o..
##.# #.##.# #.#..##...... ...#
#.##.# #.#..# ...... ####
###.##.#####.#..# .##### ....
..............o..# .. ####
#######.#####....# .... #.#
#....# #.## #.# #....# #.#
#.#..# #.# #.#..#


You could see an orc priest.

Vanquished Creatures
  A scorpion (D:2)
  3 adders (D:2)
  2 oozes (D:1)
  2 worms (D:3)
  2 dart slugs (D:2)
  3 leopard geckos
  4 orcs (D:3)
  2 giant cockroaches (D:1)
  7 hobgoblins
  12 jackals
  A quokka (D:2)
  A ball python (D:1)
  7 bats
  4 frilled lizards
  6 goblins
  5 kobolds
  11 rats
73 creatures vanquished.

Notes
Turn   | Place    | Note
-------+----------+-------------------------------------------
     0 | D:1      | bli the Merfolk Monk began the quest for the Orb.
     0 | D:1      | Reached XP level 1. HP: 18/18 MP: 1/1
    31 | D:1      | Reached skill level 4 in Long Blades
    31 | D:1      | Reached XP level 2. HP: 22/24 MP: 2/2
   407 | D:1      | Reached XP level 3. HP: 29/29 MP: 3/3
  1085 | D:2      | Reached skill level 5 in Long Blades
  1243 | D:2      | Reached XP level 4. HP: 20/35 MP: 4/4
  1643 | D:2      | Reached skill level 6 in Long Blades
  1643 | D:2      | Reached XP level 5. HP: 16/41 MP: 5/5
  2226 | D:3      | HP: 1/42 [orc priest/+0 trident (4)]
  2227 | D:3      | Slain by an orc priest

Vault maps used:
D:1:      dpeg_arrival_tiny_f
D:3:      cheibrodos_pilgrimage

Skill      XL: |  1  2  3  4 |
---------------+-------------+-----
Long Blades    | 4 5 6 |  6.3
Fighting       | |  3.7
Dodging        | |  4.0
Stealth        | |  2.1

Action                   |  1- 3 |  4- 6 || total
-------------------------+-------+-------++-------
Melee: Falchion          |   130 |   121 ||   251
Throw: Stone             |       |     3 ||     3
 Abil: Evoke Flight      |     1 |       ||     1
  Use: Potion            |       |     3 ||     3
 Stab: Sleeping          |     4 |     1 ||     5
       Distracted        |     1 |       ||     1
  Eat: Chunk             |     1 |     4 ||     5
Armor: Robe              |    30 |    29 ||    59
Dodge: Dodged            |   114 |    99 ||   213
       Rpst.: Falchion   |    38 |    27 ||    65

Table legend:
 A = Non-vault XP
 B = Vault XP
 C = Vault XP percentage of total XP
 D = Non-vault monster count
 E = Vault monster count
 F = Vault count percentage of total count
                 A         B        C        D         E       F
            +---------+---------+-------+---------+---------+-------
      Total |     231 |      12 |   4.9 |      69 |       4 |   5.5
            +---------+---------+-------+---------+---------+-------
        D:1 |      53 |       0 |   0.0 |      29 |       0 |   0.0
        D:2 |     164 |       0 |   0.0 |      36 |       0 |   0.0
        D:3 |      14 |      12 |  46.2 |       4 |       4 |  50.0
            +---------+---------+-------+---------+---------+-------
